AoeStats
← Abetterhandle

Black Forest

504378934Analyzed
3v3 RM · 28d ago on Sep 5, 2026· 56m 38s· 6 players
Game mode
Random Map
Map size
Normal (6 player)
Population
200
Speed
Normal
Resources
Standard
Victory
Conquest
Starting age
Dark Age
Ending age
Imperial Age
RankedLock teamsTeams togetherTeam positionsShared explorationLock speedFull tech treeHidden civsTurbo modeCheats
Victory
Defeat
🇦🇺 Berbers · Australia
1040
+13
🇳🇿 Bohemians · New Zealand
987
+16
🇳🇿 Maya · New Zealand
923
+18
🇺🇸 Teutons · United States
1029
-18
🇲🇽 Byzantines · Mexico
963
-15
🇺🇸 Persians · United States
939
-14
Caillou
12:19 Feudal Age
16:55 Castle Age
16:07 Horse Collar
18:28 Loom
22:49 Man-at-Arms
23:16 Gambesons
23:31 Squires
23:18 Arson
23:52 Long Swordsman
30:18 Forging
30:03 Pikeman
33:10 Double-Bit Axe
33:27 Heavy Plow
42:43 Imperial Age
42:04 Iron Casting
42:47 Scale Mail Armor
42:54 Two-Handed Swordsman
44:40 Blast Furnace
43:55 Chain Mail Armor
44:23 Wheelbarrow
44:21 Crop Rotation
43:43 Gold Mining
43:45 Stone Mining
44:06 Bow Saw
43:51 Champion
46:24 Onager
55:26 Siege Onager
56:31 Ironclad
56:49 Hoardings
56:39 Conscription
Golden Skeeter
1:09 Loom
14:07 Feudal Age
19:02 Castle Age
23:48 Horse Collar
23:57 Double-Bit Axe
26:34 Bow Saw
28:04 Gold Mining
29:19 Wheelbarrow
29:33 Fletching
29:46 Scale Mail Armor
31:19 Crossbowman
34:34 Elite Skirmisher
35:06 Horse Collar
35:55 Bodkin Arrow
36:17 Chain Mail Armor
38:11 Town Watch
38:44 Hand Cart
41:27 Heavy Plow
45:22 Light Cavalry
46:14 Husbandry
46:25 Bloodlines
47:42 Scale Barding Armor
47:48 Forging
48:14 Kamandaran
50:58 Imperial Age
49:08 Light Cavalry
50:12 Chain Barding Armor
51:35 Thumb Ring
51:48 Onager
54:10 Gold Shaft Mining
53:26 Stone Mining
53:39 Caravan
53:50 Guilds
53:06 Cavalier
53:06 Hussar
53:42 Onager
55:13 Conscription
54:57 Kamandaran
55:35 Hoardings
56:54 Masonry
57:52 Chemistry
57:25 Crop Rotation
Daikuangel
0:27 Loom
12:07 Feudal Age
17:42 Castle Age
15:37 Double-Bit Axe
17:02 Horse Collar
17:42 Gold Mining
18:59 Wheelbarrow
20:40 Bow Saw
21:17 Heavy Plow
28:52 Imperial Age
27:16 Scale Barding Armor
27:22 Forging
28:31 Hand Cart
28:21 Stone Mining
29:06 Gold Shaft Mining
29:00 Greek Fire
29:53 Chain Barding Armor
30:09 Iron Casting
30:03 Ballistics
31:00 Thumb Ring
32:35 Conscription
33:14 Stone Shaft Mining
33:17 Plate Barding Armor
33:24 Crop Rotation
32:59 Padded Archer Armor
32:50 Fletching
34:42 Chemistry
33:59 Elite Skirmisher
35:53 Two-Man Saw
36:00 Leather Archer Armor
35:51 Bodkin Arrow
38:44 Logistica
40:25 Ring Archer Armor
39:56 Bracer
41:15 Onager
43:25 Logistica
giarc324
1:04 Loom
13:16 Feudal Age
17:00 Castle Age
14:51 Horse Collar
15:52 Double-Bit Axe
25:42 Bow Saw
26:11 Wheelbarrow
30:16 Imperial Age
28:28 Town Watch
29:05 Caravan
31:06 Chemistry
30:43 Fletching
30:53 Padded Archer Armor
31:28 Ballistics
30:58 Sappers
31:50 Conscription
31:36 Wagenburg Tactics
32:01 Bodkin Arrow
32:21 Leather Archer Armor
32:21 Town Patrol
33:50 Two-Man Saw
34:36 Bracer
35:06 Ring Archer Armor
35:23 Elite Hussite Wagon
41:04 Heavy Plow
41:27 Hand Cart
41:01 Houfnice
43:10 Fervor
43:21 Sanctity
46:57 Pikeman
47:37 Squires
47:39 Scale Mail Armor
47:49 Forging
48:36 Chain Mail Armor
49:03 Halberdier
51:04 Arson
51:59 Iron Casting
51:54 Plate Mail Armor
Rogue
0:28 Loom
13:20 Feudal Age
17:24 Castle Age
16:00 Stone Mining
16:38 Double-Bit Axe
17:04 Horse Collar
21:10 Wheelbarrow
20:50 Scale Barding Armor
23:05 Fletching
26:13 Gold Mining
27:13 Town Watch
27:29 Town Watch
27:46 Bodkin Arrow
28:30 Forging
35:50 Imperial Age
37:13 Hand Cart
37:19 Bow Saw
38:32 Bracer
38:33 Padded Archer Armor
41:17 Leather Archer Armor
41:23 Chain Barding Armor
46:15 Stone Shaft Mining
46:41 Kasbah
47:02 Conscription
47:34 Plate Barding Armor
47:30 Ring Archer Armor
47:42 Town Patrol
48:06 Ballistics
47:49 Treadmill Crane
49:26 Siege Engineers
49:48 Maghrebi Camels
51:52 Cavalier
52:33 Husbandry
52:43 Bloodlines
53:49 Iron Casting
54:31 Caravan
55:07 Light Cavalry
55:54 Hussar
Abetterhandle
1:02 Loom
11:23 Feudal Age
11:57 Double-Bit Axe
18:35 Castle Age
17:38 Horse Collar
20:03 Bow Saw
23:30 Gold Mining
25:25 Squires
27:28 Forging
31:14 Imperial Age
28:32 Town Watch
28:58 Scale Mail Armor
29:16 Heavy Plow
31:54 Iron Casting
31:35 Chain Mail Armor
30:45 Pikeman
31:31 Stone Mining
31:31 Gold Mining
31:46 Eagle Warrior
32:57 Halberdier
35:24 Gold Mining
39:17 Blast Furnace
38:34 Chain Mail Armor
41:05 Conscription
42:32 Fletching
42:42 Padded Archer Armor
43:13 Plate Mail Armor
43:53 Bodkin Arrow
44:14 Leather Archer Armor
45:58 Elite Eagle Warrior
46:24 Arson
47:36 Elite Plumed Archer
48:20 Hul'che Javelineers
49:26 Bracer
49:57 Ring Archer Armor
53:31 Caravan
Connection lost

Rejoining the realm…

Still unreachable

The connection could not be restored.

Session expired

The server has moved on; the page needs a fresh start.